 Dungeon Crawl Stone Soup version 0.28-a0-834-g1a73be5ee4 (webtiles) character file.

Game seed: 1997839178442318142

9198 wakim the Fighter (level 11, -15/85 (101) HPs)
             Began as a Black Draconian Fire Elementalist on Nov 11, 2021.
             Was a Believer of Sif Muna.
             Killed from afar by Josephine (25 damage)
             ... with a ghostly fireball
             ... on level 9 of the Dungeon.
             The game lasted 01:11:16 (16323 turns).

wakim the Fighter (DrFE)                           Turns: 16323, Time: 01:11:17

HP:   -15/85 (101)  AC: 11    Str: 10    XL:     11   Next: 19%
MP:   19/21         EV: 12    Int: 18    God:    Sif Muna [**....]
Gold: 508           SH:  5    Dex: 13    Spells: 13/23 levels left

rFire   . . .      SeeInvis .   a - +3 dagger (venom)
rCold   . . .      Faith    .   o - +0 buckler
rNeg    . . .      Spirit   .   (armour unavailable)
rPois   .          Reflect  .   (helmet restricted)
rElec   +          Harm     .   e - scarf {+Inv}
rCorr   .          Rampage  .   h - +0 pair of gloves
Will    .....                   f - +2 pair of boots
Stlth   ++........              (no amulet)
HPRegen 0.24/turn               (no ring)
MPRegen 0.17/turn               (no ring)

@: about to teleport, channelling, slowed, studying Shields, heavily drained,
very slow
A: breathe lightning, AC +7, unfitting armour, electricity resistance,
cold-blooded
a: Breathe Lightning, Renounce Religion, Evoke Invisibility, Channel Magic


You were on level 9 of the Dungeon.
You worshipped Sif Muna.
Sif Muna was pleased with you.
You visited 2 branches of the dungeon, and saw 11 of its levels.

You collected 508 gold pieces.

Inventory:

Hand Weapons
 a - a +3 dagger of venom (weapon)
 b - a +4 scimitar of flaming
 l - the +2 halberd of Valiance {venom, rC+ rN+ rCorr Dex-3}
   (You took it off a wight on level 9 of the Dungeon)

   It poisons the flesh of those it strikes.
   Dex:       It affects your dexterity (-3).
   rC:        It protects you from cold.
   rN:        It protects you from negative energy.
   rCorr:     It protects you from acid and corrosion.
Missiles
 d - 4 throwing nets {=f!f}
 i - 2 curare-tipped darts {=f}
Armour
 e - a scarf of invisibility (worn)
 f - a +2 pair of boots (worn)
 h - a +0 pair of gloves (worn)
 o - a +0 buckler (worn)
Wands
 c - a wand of charming (8)
 u - a wand of mindburst (28)
 x - a wand of iceblast (9)
Scrolls
 p - a scroll of enchant weapon
 Q - 2 scrolls of immolation {!r!r}
 S - 2 scrolls of summoning
 T - a scroll of teleportation
 Y - 2 scrolls of blinking {!r}
Potions
 g - 3 potions of degeneration {unknown}
 j - 2 potions of ambrosia {unknown}
 k - a potion of might {unknown}
 m - a potion of invisibility {unknown}
 n - 2 potions of attraction {unknown}
 q - 2 potions of heal wounds {unknown}
 D - a potion of brilliance
 F - 3 potions of curing
 G - a potion of flight
 H - a potion of haste
 K - 3 potions of magic
 L - 2 potions of lignification {!q}
 M - 4 potions of mutation {!q}


   Skills:
 + Level 10.7 Fighting
 - Level 1.7 Dodging
 - Level 3.0 Stealth
 - Level 4.0 Shields
 + Level 6.9 Spellcasting
 - Level 6.0 Conjurations
 - Level 3.0 Hexes
 - Level 8.0 Fire Magic
 + Level 7.0 Invocations


You had 13 spell levels left.
You knew the following spells:

 Your Spells              Type           Power      Damage    Failure   Level
a - Foxfire               Conj/Fire      100%       2x1d9     1%          1
b - Scorch                Fire           70%        2d8       1%          2
c - Inner Flame           Hex/Fire       26%        N/A       3%          3
d - Flame Wave            Conj/Fire      31%        3d7       6%          4

Your spell library contained the following spells:

 Spells                   Type           Power      Damage    Failure   Level
 Conjure Flame            Conj/Fire      31%        6-21      1%          3
 Stone Arrow              Conj/Erth      34%        3d9       10%         3
 Tukima's Dance           Hex            17%        N/A       10%         3
 Animate Skeleton         Necr           12%        N/A       11%         1
 Pain                     Necr           24%        1d5       11%         1
 Sandblast                Erth           12%        2d6       11%         1
 Passwall                 Tmut/Erth      5%         N/A       17%         2
 Frozen Ramparts          Ice            12%        1d3       32%         3
 Gell's Gravitas          Tloc           6%         N/A       32%         3
 Lesser Beckoning         Tloc           6%         N/A       32%         3
 Ozocubu's Armour         Ice            6%         N/A       32%         3
 Teleport Other           Tloc           6%         N/A       32%         3
 Vampiric Draining        Necr           6%         2d6       32%         3
 Ice Form                 Ice/Tmut       6%         N/A       73%         4
 Passage of Golubria      Tloc           6%         N/A       73%         4
 Summon Ice Beast         Ice/Summ       6%         N/A       73%         4
 Yara's Violent Unravell  Hex/Tmut       5%         3d4       86%         5
 Ozocubu's Refrigeration  Ice            3%         4d5       100%        7


Dungeon Overview and Level Annotations

Branches:
Dungeon (10/15)            Temple (1/1) D:4
   Lair: D:8-11         Orc: D:9-12

Altars:
Ashenzari
Cheibriados
Dithmenos
Elyvilon
Fedhas
Gozag
Hepliaklqana
Kikubaaqudgha
Makhleb
Nemelex Xobeh
Okawaru
Qazlal
Ru
Sif Muna
Trog
Uskayaw
Vehumet
Wu Jian
Xom
Yredelemnul
Zin
The Shining One

Annotations:
D:9 Josephine
D:10 1 runed translucent door, zkyp's ghost, journeyman NaMo


Innate Abilities, Weirdness & Mutations

You can breathe wild blasts of lightning.
Your glossy black scales are hard. (AC +7)
You cannot fit into any form of body armour.
You are resistant to electric shocks. (rElec)
You are cold-blooded and may be slowed by cold attacks.


Message History

Your Invocations skill increases to level 7!
A wave of flame ripples out!
The flame wave engulfs Josephine!
Josephine is burned terribly!
Josephine is heavily wounded.
Josephine is no longer more vulnerable to fire.
Josephine hits you with a +1 dagger of speed.
* * * LOW HITPOINT WARNING * * *
A wave of flame ripples out!
The flame wave engulfs Josephine!
Josephine is heavily wounded.
You finish channelling waves of flame.
Josephine hits you but does no damage.
Josephine hits you with a +1 dagger of speed!
* * * LOW HITPOINT WARNING * * *
Josephine hits you but does no damage.
Okay, then.
Okay, then.
Casting: Flame Wave (dangerous; 6% risk of failure)
Confirm with . or Enter, or press ? or * to list all spells.
Flames lash Josephine.
Josephine is severely wounded.
Josephine's fire resistance burns away.
Josephine hits you but does no damage. Josephine closely misses you.
Okay, then.
Josephine hits you with a +1 dagger of speed.
* * * LOW HITPOINT WARNING * * *
Josephine casts a spell at you.
The ghostly flame explodes!
The ghostly fireball engulfs you!
You feel drained.
* * * LOW HITPOINT WARNING * * *
The ghostly fireball engulfs Josephine.
Josephine completely resists.
You feel better. Josephine barely misses you.
Josephine points at you and mumbles some strange words.
The ghostly flame explodes!
The ghostly fireball engulfs you!
You feel drained.
* * * LOW HITPOINT WARNING * * *
The ghostly fireball engulfs Josephine.
Josephine completely resists.
As you read the scroll of teleportation, it crumbles to dust.
You feel strangely unstable.
Josephine is no longer more vulnerable to fire.
Josephine casts a spell at you.
The ghostly flame explodes!
The ghostly fireball engulfs you!!
You feel drained.
You die...

#..##.#
#...#..##..##.......# #
#..##.#
#...#..##..##.......# #
#..##.#
#...#..##..##.......# #
#..##.#
#...#..##..##.......# #
#..##.#
#...#..##..##.......# #
#..##.#
#...#..##..##.......# #
#..##.#
#...#..##..##.......# #
#..##.#
#......##...........# #
#.....#
#.....@##......###..# #
#.....###...##.@...###.#
#..###
#...>.......##.....# #.#
#.....
#...........##.....# #.#
#.....
#...........##.###.# #.#
#...#. #.....).....##.#
#.# #.# #<..#.
#...........##.# #.# #.#
#...#. #...........##.#
#.# #.# #...#.
#.......[...##.# #.# #.#
#...#.


You could see Josephine.

Vanquished Creatures
  Harold (D:7)
  A hydra (D:9)
  A two-headed ogre (D:9)
  Erica (D:8)
  A manticore (D:10)
  A troll (D:6)
  Sigmund (D:3)
  2 wyverns
  5 yaks (D:10)
  2 wraiths
  2 vampire mosquitoes (D:10)
  A steam dragon (D:7)
  Menkaure (D:7)
  4 orc warriors
  4 sky beasts
  4 ogres (D:7)
  4 centaurs
  The ghost of vurker the Gusty, an amateur OpAE (D:3)
  2 phantoms (D:5)
  2 kobold brigands (D:7)
  5 bullfrogs
  A wyvern zombie (D:7)
  A scorpion (D:5)
  A gnoll sergeant (D:9)
  A water moccasin zombie (D:6)
  2 water moccasin skeletons
  3 wights (D:9)
  6 howler monkeys
  A bullfrog zombie (D:6)
  2 centaur zombies
  3 hounds
  2 centaur skeletons
  5 gnoll shamans
  4 orc priests
  4 jellies
  4 bullfrog skeletons
  4 iguanas
  16 orc wizards
  A hound zombie (D:5)
  A howler monkey skeleton (D:4)
  15 gnolls
  6 adders
  2 white imps (D:8)
  An ufetubus (D:5)
  2 worms
  5 dart slugs
  23 orcs
  6 endoplasms
  4 giant cockroaches
  12 goblins
  6 hobgoblins
  5 jackals
  2 quokkas
  9 ball pythons
  A bat (D:1)
  3 frilled lizards
  8 kobolds
  8 rats
226 creatures vanquished.

Vanquished Creatures (others)
  652 foxfires
  6 fungi (D:7)
  13 plants (D:7)
671 creatures vanquished.

Grand Total: 897 creatures vanquished

Notes
Turn   | Place    | Note
-------+----------+-------------------------------------------
     0 | D:1      | wakim the Draconian Fire Elementalist began the quest for
                  | the Orb.
     0 | D:1      | Reached XP level 1. HP: 14/14 MP: 3/3
   250 | D:1      | Reached XP level 2. HP: 20/20 MP: 0/5
   400 | D:1      | Learned a level 2 spell: Scorch
  1426 | D:1      | Found a faded altar of an unknown god.
  1524 | D:2      | Reached XP level 3. HP: 26/26 MP: 2/6
  2465 | D:3      | Reached XP level 4. HP: 33/33 MP: 1/7
  2523 | D:2      | Learned a level 3 spell: Inner Flame
  3204 | D:3      | Found a runed translucent gate.
  3204 | D:3      | Found a runed translucent gate.
  3205 | D:3      | Found a runed translucent gate.
  3206 | D:3      | Noticed vurker's ghost (amateur OpAE)
  3318 | D:3      | Noticed Sigmund
  3540 | D:3      | Found a basalt altar of Yredelemnul.
  4102 | D:4      | Reached XP level 5. HP: 38/38 MP: 5/9
  4588 | D:4      | Reached skill level 5 in Fire Magic
  4945 | D:4      | Reached XP level 6. HP: 45/45 MP: 5/10
  5033 | D:4      | Found a staircase to the Ecumenical Temple.
  5039 | Temple   | Entered the Ecumenical Temple
  5183 | Temple   | Became a worshipper of Sif Muna the Loreminder
  5705 | D:4      | Reached skill level 1 in Fighting
  5949 | D:4      | Found a radiant altar of Vehumet.
  5959 | D:4      | Found a broken altar of Ashenzari.
  6145 | D:5      | Entered Level 5 of the Dungeon
  6287 | D:4      | Your scales start taking on a glossy black colour.
  6287 | D:4      | Reached XP level 7. HP: 42/52 MP: 2/12
  6287 | D:4      | Gained mutation: You are resistant to electric shocks.
                  | (rElec) [Black Draconian growth]
  6755 | D:5      | Reached skill level 2 in Fighting
  7791 | D:5      | Reached skill level 3 in Fighting
  7791 | D:5      | Reached skill level 1 in Invocations
  7791 | D:5      | Reached XP level 8. HP: 38/63 MP: 8/14
  7923 | D:5      | Learned a level 4 spell: Flame Wave
  8053 | D:6      | Reached skill level 1 in Hexes
  8204 | D:6      | Reached * piety under Sif Muna
  9219 | D:6      | Noticed a troll
  9250 | D:7      | Reached skill level 4 in Fighting
  9374 | D:7      | Noticed Menkaure
  9380 | D:7      | Killed Menkaure
  9855 | D:7      | Reached XP level 9. HP: 43/72 MP: 10/16
 10405 | D:7      | Reached skill level 5 in Spellcasting
 10536 | D:7      | Reached skill level 5 in Fighting
 10691 | D:7      | Found a sparkling altar of Nemelex Xobeh.
 11164 | D:7      | Reached skill level 6 in Fighting
 11264 | D:6      | Killed a troll
 11265 | D:6      | Reached skill level 7 in Fighting
 11715 | D:7      | Reached skill level 8 in Fighting
 12110 | D:7      | Reached skill level 9 in Fighting
 12621 | D:7      | Noticed Harold
 12638 | D:7      | Killed Harold
 12639 | D:7      | Reached XP level 10. HP: 54/91 MP: 6/17
 12917 | D:8      | Noticed Erica
 14195 | D:9      | Reached skill level 5 in Invocations
 14317 | D:9      | Identified the +2 halberd of Valiance {venom, rC+ rN+ rCorr
                  | Dex-3}
 14378 | D:9      | Reached skill level 5 in Conjurations
 14698 | D:9      | Noticed a six-headed hydra
 14976 | D:3      | Killed vurker's ghost
 15127 | D:3      | Killed Sigmund
 15303 | D:8      | Killed Erica
 15304 | D:8      | Reached skill level 10 in Fighting
 15593 | D:9      | Noticed a two-headed ogre
 15601 | D:9      | Killed a two-headed ogre
 15621 | D:9      | Reached ** piety under Sif Muna
 15836 | D:9      | Killed a six-headed hydra
 15898 | D:10     | Entered Level 10 of the Dungeon
 15992 | D:10     | Reached XP level 11. HP: 74/101 MP: 5/21
 15994 | D:10     | Reached skill level 1 in Shields
 16216 | D:10     | Found a runed translucent door.
 16216 | D:10     | Found a shimmering altar of Xom.
 16216 | D:10     | Noticed zkyp's ghost (journeyman NaMo)
 16216 | D:10     | Noticed a +2 broad axe of chaos
 16306 | D:10     | Noticed Josephine
 16323 | D:9      | Killed from afar by Josephine

Illustrated notes

Levels and vault maps discovered:
D:1:      dpeg_arrival_signposts, layout_basic,
          shapermc_ecumenical_altar_mp_highgroup,
          chequers_serial_rivers_large_a, interstate_on_off, patterned_corridor
D:2:      layout_basic
D:3:      layout_basic, lemuel_crystal_altar, gammafunk_ghost_necromancy,
          minmay_bisected, uniq_sigmund
D:4:      layout_basic, nicolae_overflow_hidden_temple,
          minmay_temple_entry_proselytizer, minmay_manual_macuahuitl
D:5:      kennysheep_six_static_rooms, layout_rooms, lemuel_old_faithful
D:6:      minmay_flawed_box, layout_rooms
D:7:      kennysheep_seaside_town, layout_gridville, kennysheep_mini_moat,
          kennysheep_generic_room_7, uniq_harold, uniq_menkaure
D:8:      layout_rooms, uniq_erica
D:9:      layout_long_grid
D:10:     minmay_chambers_of_sixes, layout_loops_ring, ebering_ghost_xom,
          minmay_misc_feat_square, chequers_serial_rivers_micro_c,
          chequers_garden, wad_floor_pattern_untrapped, uniq_josephine
Temple:   regret_index_temple_mists

Skill      XL: |  1  2  3  4  5  6  7  8  9 10 11 |
---------------+----------------------------------+-----
Stealth        | 2 3 |  3.0
Fire Magic     | 4 5 6 8 |  8.0
Conjurations   | 2 3 4 6 |  6.0
Spellcasting   | 3 4 5 6 |  6.9
Fighting       | 1 3 4 9 10 | 10.7
Invocations    | 1 3 4 6 7 |  7.0
Hexes          | 2 3 |  3.0
Shields        | 4 |  4.0
Dodging        | |  1.7

Action                   |  1- 3 |  4- 6 |  7- 9 | 10-12 || total
-------------------------+-------+-------+-------+-------++-------
Melee: Dagger            |    17 |    18 |     4 |    16 ||    55
       Unarmed           |     2 |       |     3 |       ||     5
       Tailslap          |     2 |     2 |       |       ||     4
       Long sword        |       |     8 |     1 |       ||     9
 Cast: Foxfire           |    68 |   126 |   153 |    36 ||   383
       Scorch            |     7 |    10 |    56 |    49 ||   122
       Inner Flame       |       |     5 |    30 |    22 ||    57
       Flame Wave        |       |       |     9 |     9 ||    18
Invok: Channel Magic     |       |       |     1 |     1 ||     2
  Use: Scroll            |       |     6 |     6 |     7 ||    19
       Potion            |       |       |       |     1 ||     1
 Stab: Sleeping          |       |     1 |     1 |       ||     2
       Distracted        |       |       |       |     1 ||     1
Armor: Skin              |    10 |    17 |    52 |    42 ||   121
Dodge: Dodged            |    13 |    42 |    66 |    43 ||   164
Block: Buckler           |       |       |       |     4 ||     4

Table legend: (Time is in decaauts)
 A = Elapsed time spent in this place.
 B = Non-inter-level travel time spent in this place.
 C = Inter-level travel time spent in this place.
 D = Time resting spent in this place.
 E = Time spent auto-exploring this place.
 F = Levels seen in this place.
 G = Mean time per level.
                   A        B        C        D        E       F      G
               +--------+--------+--------+--------+--------+-----+--------+
         Total |  16418 |  15750 |    668 |   2099 |  11199 |  11 | 1492.5 |
       Dungeon |  16202 |  15596 |    606 |   2099 |  11078 |  10 | 1620.2 |
        Temple |    216 |    155 |     61 |      0 |    121 |   1 |  216.0 |
               +--------+--------+--------+--------+--------+-----+--------+

Top non-repeatable levels by time:
     D:7: 3608 daAuts
     D:4: 2679 daAuts
     D:6: 1707 daAuts
     D:3: 1669 daAuts
     D:1: 1609 daAuts
     D:5: 1486 daAuts
     D:9: 1067 daAuts
     D:8: 1005 daAuts
     D:2: 950 daAuts
    D:10: 417 daAuts
  Temple: 216 daAuts
